 Dungeon Crawl Stone Soup version 0.27-a0-592-g0306a34022 (webtiles) character file.

Game seed: 2610488633833870614

5885 rednaxela the Carver (level 10, -3/83 HPs)
             Began as a Barachi Brigand on Mar 10, 2021.
             Was an Elder of Zin.
             Splashed by an orc's acid (11 damage)
             ... while paralysed
             ... on level 10 of the Dungeon.
             The game lasted 00:27:06 (12313 turns).

rednaxela the Carver (Barachi Brigand)             Turns: 12313, Time: 00:27:07

Health: -3/83      AC: 15    Str: 21    XL:     10   Next: 82%
Magic:  10/10      EV:  2    Int: 12    God:    Zin [****..]
Gold:   512        SH:  0    Dex: 18    Spells: 9/9 levels left

rFire    + . .     SeeInvis +   E - +3 scimitar
rCold    . . .     Faith    .   (no shield)
rNeg     . . .     Spirit   .   g - +0 scale mail
rPois    .         Reflect  .   b - +0 helmet
rElec    +         Harm     .   c - +1 cloak
rCorr    .         Rampage  .   I - +0 pair of gloves
Will     .....                  D - +2 pair of boots of Plasticity {rElec rF+ Dex+4}
Stlth    +.........             (no amulet)
HPRegen  0.23/turn              l - +4 ring of protection
MPRegen  0.12/turn              B - +6 ring of strength

@: paralysed, corroded, berserk cooldown, slowed, slow
A: +LOS, amphibious, see invisible, slowness 1, MP-powered wands, strong legs 1
a: Hop, Renounce Religion, Recite, Vitalisation, Imprison, Donate Gold


You were on level 10 of the Dungeon.
You worshipped Zin.
Zin was greatly pleased with you.
You visited 1 branch of the dungeon, and saw 10 of its levels.

You collected 568 gold pieces.
You donated 56 gold pieces to Zin.

Inventory:

Hand Weapons
 e - a +0 long sword
   (You found it on level 4 of the Dungeon)
 E - a +3 scimitar (weapon)
   (You took it off a wight on level 6 of the Dungeon)
Missiles
 d - 41 poisoned darts (quivered)
 m - 4 atropa-tipped darts
 x - 6 curare-tipped darts
 y - a throwing net {!f}
 C - 5 datura-tipped darts
Armour
 a - a +0 pair of boots
   (You found it on level 1 of the Dungeon)
 b - a +0 helmet (worn)
   (You found it on level 1 of the Dungeon)
 c - a +1 cloak (worn)
 g - a +0 scale mail (worn)
   (You found it on level 1 of the Dungeon)
 D - the +2 pair of boots of Plasticity (worn) {rElec rF+ Dex+4}
   (You found it on level 7 of the Dungeon)

   It affects your dexterity (+4).
   It protects you from fire.
   It insulates you from electricity.
 I - a +0 pair of gloves (worn)
   (You found it on level 6 of the Dungeon)
Jewellery
 l - a +4 ring of protection (right hand)
   (You found it on level 2 of the Dungeon)
 A - a ring of protection from fire
   (You found it on level 5 of the Dungeon)
 B - a +6 ring of strength (left hand)
   (You found it on level 7 of the Dungeon)
Wands
 F - a wand of iceblast (7) {@v2}
   (You found it on level 8 of the Dungeon)
Scrolls
 f - a scroll of immolation
 h - 2 scrolls of fear {!r}
 q - a scroll of blinking {@r4}
 u - 3 scrolls of amnesia
 v - 6 scrolls of teleportation {@r3 !r}
Potions
 i - a potion of haste {unknown}
 j - 3 potions of resistance
 k - a potion of experience {unknown}
 n - a potion of ambrosia {unknown}
 o - 2 potions of magic {!q}
 p - a potion of might {unknown}
 r - 2 potions of attraction
 s - a potion of mutation
 t - 2 potions of lignification {unknown}
 w - a potion of berserk rage
 z - a potion of brilliance {unknown}
 G - a potion of heal wounds {unknown}
 H - a potion of flight {unknown}


   Skills:
 + Level 9.6 Fighting
 - Level 2.1(8.8) Short Blades
 - Level 13.9(14.0) Long Blades
 - Level 2.0 Throwing
 + Level 5.3 Armour
 + Level 5.1 Dodging
 - Level 3.6 Stealth


You had 9 spell levels left.
You didn't know any spells.
Your spell library contained the following spells:

 Spells                   Type           Power      Damage    Failure   Level
 Cause Fear               Hex            0%         N/A       100%        4
 Silence                  Hex/Air        0%         N/A       100%        5
 Yara's Violent Unravell  Hex/Tmut       0%         3d3       100%        5
 Discord                  Hex            0%         N/A       100%        8


Dungeon Overview and Level Annotations

Branches:
Dungeon (10/15)            Temple (0/1) D:6             Orc (0/2) D:10
   Lair: D:8-11

Altars:
Ashenzari
Dithmenos
Makhleb
Nemelex Xobeh
Okawaru
Ru
Sif Muna
Xom
Zin
Beogh

Shops:
D:7 *

Annotations:
D:4 3 runed translucent doors, delverdan's ghost, amateur DgIE
D:6 2 transporters, Egg's ghost, novice OpIE
D:8 exclusion: downstairs
D:9 !hydra


Innate Abilities, Weirdness & Mutations

You can be seen from farther away. (+LOS)
You are amphibious.
You cover ground slowly.
You can hop short distances.
You have supernaturally acute eyesight. (SInv)
You expend magic power (3 MP) to strengthen your wands.


Message History

You kill the orc priest!
The orc hits you but does no damage.
You hit the orc.
The orc is severely wounded.
The orc misses you.
You riposte.
You barely miss the orc.
The orc is severely wounded.
You hit the orc but do no damage.
The orc is severely wounded.
You slash the orc!
You kill the orc!
Things that are here:
a +0 short sword; an orc corpse; an orc corpse
Things that are here:
a +0 trident; a +0 chain mail
Things that are here:
a +0 short sword; an orc corpse; an orc corpse
Things that are here:
a +0 scale mail; an orc corpse
Things that are here:
a +0 short sword; an orc corpse; an orc corpse
There is an open door, spattered with blood here.
Items here: )) [[.
Items here: ) [[ †.
Found a club.
Something hits you but does no damage.
Deactivating autopickup; reactivate with Ctrl-A.
Something hits you but does no damage. x2; Something hits you.
Something barely misses you. Something hits you! Something hits you.
Something hits you. Something hits you! Something hits you but does no damage.
Something hits you but does no damage. Something completely misses you.
Something hits you.
* * * LOW HITPOINT WARNING * * *
Something completely misses you. Something hits you.
* * * LOW HITPOINT WARNING * * *
Something hits you.
* * * LOW HITPOINT WARNING * * *
Something hits you but does no damage.
Welcome back, rednaxela the Barachi Brigand.
Zin says: Spread the light, my child.
Press ? for a list of commands and other information.
Deactivating autopickup; reactivate with Ctrl-A.
You hit something. Something hits you.
* * * LOW HITPOINT WARNING * * *
You swing at nothing.
Something hits you but does no damage.
You barely miss something. Something hits you but does no damage.
You swing at nothing.
Something hits you.
* * * LOW HITPOINT WARNING * * *
You barely miss something. Something hits you.
* * * LOW HITPOINT WARNING * * *
You slash something! Something hits you but does no damage.
You swing at nothing.
Something hits you.
* * * LOW HITPOINT WARNING * * *
You hit something. Something hits you but does no damage.
You swing at nothing.
Something barely misses you.
You miss something. Something hits you but does no damage.
An orc comes into view. It is wielding a +0 short sword.
You swing at nothing.
Something hits you!
* * * LOW HITPOINT WARNING * * *
You barely miss something.
The orc shouts!
Something hits you but does no damage.
You swing at nothing.
You hit something. Something hits you!
* * * LOW HITPOINT WARNING * * *
It was a potion of mutation.
You feel extremely strange.
You feel your magical essence link to the dungeon's wands.
Zin protects your body from mutation!
Your vision sharpens.
Reactivating autopickup.
Zin forgives your inadvertent chaotic act, just this once.
An unseen horror comes into view.
The unseen horror hits you but does no damage.
You slash the unseen horror!
The unseen horror is severely wounded.
The unseen horror hits you but does no damage.
Okay, then.
It was a potion of berserk rage.
A red film seems to cover your vision as you go berserk!
You feel yourself moving faster!
You feel mighty!
The unseen horror hits you but does no damage.
An orc comes into view. It is carrying a wand of acid (8).
The orc shouts!
You slash the unseen horror!
You kill the unseen horror!
Your Armour skill increases to level 5!
Your Dodging skill increases to level 5!
An orc comes into view. It is wielding a +0 flail.
The orc closely misses you.
You riposte.
You closely miss the orc. You slash the orc!
You kill the orc!
You feel a strong urge to attack something.
You are no longer berserk.
You pass out from exhaustion.
You feel yourself slow down.
The orc zaps a wand.
The bolt of acid hits you!
* * * LOW HITPOINT WARNING * * *
The acid corrodes you!
You are splashed with acid!
You die...

.##....##....#########
........'.............
........#....#.....##
.......'..........#
####..#..........#
##............#
#.######.....#
###.#######..#.........###
#...oo.).@...#.####.......
......######.# #..#....
.... ... #..##### .. ..
...####....# .#
...........# .######
#########..## ......#
#.....#8...# ......#
#....)#)...# ......#
#.._.)[..>.##


You could see 2 orcs.

Vanquished Creatures
  An unseen horror (D:10)
  Pikel (D:4)
  3 trolls
  Sigmund (D:6)
  Eustachio (D:6)
  2 steam dragons
  Menkaure (D:6)
  2 orc warriors
  A black bear (D:7)
  3 ice beasts
  A sky beast (D:8)
  3 ogres
  A phantom (D:4)
  3 centaurs
  6 bullfrogs
  A scorpion (D:6)
  3 wights (D:6)
  6 howler monkeys (D:7)
  3 centaur zombies
  A bullfrog zombie (D:5)
  5 hounds
  A jelly (D:8)
  10 orc priests
  Crazy Yiuf (D:2)
  A centaur skeleton (D:9)
  3 bullfrog skeletons
  An iguana (D:6)
  9 orc wizards
  Natasha (thrice) (D:1)
  8 worker ants
  A hound zombie (D:5)
  7 gnolls
  8 adders
  2 white imps (D:8)
  An ufetubus (D:5)
  3 oozes
  3 adder skeletons (D:7)
  5 worms
  2 dart slugs
  4 leopard geckos
  36 orcs
  2 ball pythons
  6 bats
  5 giant cockroaches
  3 goblins
  6 hobgoblins
  18 jackals
  3 quokkas
  6 frilled lizards
  A jackal skeleton (D:7)
  2 jackal zombies
  10 kobolds
  2 quokka skeletons
  A quokka zombie (D:6)
  6 rats
229 creatures vanquished.

Vanquished Creatures (others)
  7 plants (D:9)
7 creatures vanquished.

Grand Total: 236 creatures vanquished

Notes
Turn   | Place    | Note
-------+----------+-------------------------------------------
     0 | D:1      | rednaxela the Barachi Brigand began the quest for the Orb.
     0 | D:1      | Reached XP level 1. HP: 17/17 MP: 1/1
   168 | D:1      | Reached skill level 3 in Fighting
   246 | D:1      | Reached XP level 2. HP: 24/24 MP: 2/2
   603 | D:1      | Reached skill level 4 in Fighting
   754 | D:1      | Reached XP level 3. HP: 30/30 MP: 3/3
   955 | D:2      | Noticed Natasha
   980 | D:1      | Killed Natasha
   981 | D:1      | Reached skill level 5 in Fighting
  1572 | D:1      | Noticed Natasha
  1583 | D:1      | Killed Natasha
  1584 | D:1      | Reached XP level 4. HP: 26/39 MP: 4/4
  2039 | D:1      | Noticed Natasha
  2058 | D:1      | Killed Natasha
  2095 | D:1      | Reached skill level 6 in Fighting
  2095 | D:1      | Reached XP level 5. HP: 39/46 MP: 5/5
  2514 | D:2      | Found a shimmering blue altar of Sif Muna.
  2514 | D:2      | Found a broken altar of Ashenzari.
  2680 | D:2      | Found a runed translucent door.
  2681 | D:2      | Noticed Crazy Yiuf
  2872 | D:2      | Killed Crazy Yiuf
  2873 | D:2      | Reached skill level 7 in Fighting
  3031 | D:3      | You fall into a shaft and drop 1 floor!
  3059 | D:4      | Reached XP level 6. HP: 53/55 MP: 6/6
  3121 | D:4      | Reached skill level 1 in Long Blades
  3251 | D:4      | Reached skill level 2 in Long Blades
  3295 | D:3      | Found a burning altar of Makhleb.
  3297 | D:3      | Found a glowing silver altar of Zin.
  3297 | D:3      | Noticed a blizzard demon
  3297 | D:3      | Noticed an angel
  3306 | D:3      | Became a worshipper of Zin the Law-Giver
  3306 | D:3      | Reached * piety under Zin
  3352 | D:3      | Found a shadowy altar of Dithmenos.
  3460 | D:3      | Reached ** piety under Zin
  4059 | D:4      | Reached skill level 3 in Long Blades
  4150 | D:4      | Reached XP level 7. HP: 61/61 MP: 7/7
  4247 | D:4      | Noticed delverdan's ghost (amateur DgIE)
  4273 | D:4      | Reached skill level 4 in Long Blades
  4333 | D:4      | Reached skill level 5 in Long Blades
  4513 | D:4      | Found a runed translucent gate.
  4521 | D:4      | Found a runed translucent gate.
  4521 | D:4      | Found a runed translucent gate.
  5085 | D:5      | Entered Level 5 of the Dungeon
  5085 | D:5      | Noticed Pikel
  5108 | D:4      | Killed Pikel
  5109 | D:4      | Reached skill level 8 in Long Blades
  5109 | D:4      | Reached XP level 8. HP: 25/68 MP: 8/8
  5774 | D:5      | Reached skill level 9 in Long Blades
  6201 | D:6      | Reached skill level 10 in Long Blades
  6491 | D:6      | Noticed Eustachio
  6513 | D:6      | Found a staircase to the Ecumenical Temple.
  6582 | D:6      | Noticed Sigmund
  6659 | D:6      | Found a shimmering altar of Xom.
  6661 | D:6      | Found a transporter.
  6661 | D:6      | Noticed Egg's ghost (novice OpIE)
  6884 | D:5      | Reached XP level 9. HP: 65/73 MP: 9/9
  7008 | D:5      | Reached *** piety under Zin
  7063 | D:5      | Reached skill level 11 in Long Blades
  7593 | D:6      | Found a transporter.
  7604 | D:6      | Noticed Menkaure
  7678 | D:7      | Found a sacrificial altar of Ru.
  7947 | D:7      | Found Ylisapoa's Elemental Accessories.
  8052 | D:7      | Found an iron altar of Okawaru.
  8065 | D:7      | Reached skill level 12 in Long Blades
  8158 | D:7      | Reached **** piety under Zin
  8823 | D:7      | Identified the +2 pair of boots of Plasticity {rElec rF+
                  | Dex+4}
  8862 | D:8      | Reached skill level 13 in Long Blades
  9101 | D:8      | Noticed a troll
  9115 | D:8      | Killed a troll
  9379 | D:8      | Reached XP level 10. HP: 59/80 MP: 10/10
  9561 | D:8      | Reached skill level 1 in Armour
  9607 | D:8      | Reached skill level 8 in Fighting
  9681 | D:8      | Found a sparkling altar of Nemelex Xobeh.
  9871 | D:8      | Reached skill level 2 in Dodging
  9981 | D:9      | Reached skill level 2 in Armour
  9987 | D:9      | Noticed a four-headed hydra
 10208 | D:6      | Reached ***** piety under Zin
 10483 | D:6      | Killed Menkaure
 10484 | D:6      | Reached skill level 3 in Dodging
 10874 | D:6      | Reached skill level 3 in Armour
 11128 | D:6      | Killed Sigmund
 11220 | D:6      | Killed Eustachio
 11626 | D:10     | Entered Level 10 of the Dungeon
 11697 | D:10     | Reached skill level 9 in Fighting
 11697 | D:10     | Reached skill level 4 in Armour
 11697 | D:10     | Reached skill level 4 in Dodging
 12068 | D:10     | Found a staircase to the Orcish Mines.
 12305 | D:10     | Gained mutation: You expend magic power (3 MP) to
                  | strengthen your wands. [potion of mutation]
 12305 | D:10     | Gained mutation: You have supernaturally acute eyesight.
                  | (SInv) [potion of mutation]
 12305 | D:10     | Noticed an unseen horror
 12308 | D:10     | Killed an unseen horror
 12309 | D:10     | Reached skill level 5 in Armour
 12309 | D:10     | Reached skill level 5 in Dodging
 12313 | D:10     | Splashed by an orc's acid

Illustrated notes

Levels and vault maps discovered:
D:1:      amcnicky_arrival_feature_with_door, layout_loops_ring,
          kennysheep_decorative_pillar, minmay_tromino_mix6
D:2:      layout_basic, gammafunk_temple_overflow_wave, uniq_crazy_yiuf_cottage,
          uniq_natasha
D:3:      layout_loops_ring, grunt_temple_overflow_order_and_chaos_2,
          nicolae_dithmenos_shadow_blocks
D:4:      layout_basic, gammafunk_ghost_icy
D:5:      layout_cave_pods, uniq_pikel
D:6:      layout_cave_pods, xom_butterflies, minmay_temple_entry_arrows,
          gammafunk_ghost_arena, feat_on_display, uniq_sigmund, uniq_menkaure,
          uniq_eustachio
D:7:      layout_basic, okawaru_trees_1, kennysheep_little_box,
          nicolae_elemental_shop, chequers_serial_rivers_large_b
D:8:      layout_loops_ring, nemelex_xobeh_ov_fountains_minmay,
          grunt_decor_arrowhead
D:9:      layout_loops_ring, minmay_misc_feat_alley, minmay_shattered_shrine
D:10:     layout_basic, minmay_orc_entry_temple_small, serial_shops,
          nicolae_shop_stone

Skill      XL: |  1  2  3  4  5  6  7  8  9 10 |
---------------+-------------------------------+-----
Fighting       | 3 4 5 6 7 9 |  9.6
Long Blades    | 3 8 10 13 | 13.9
Armour         | 5 |  5.3
Dodging        | 5 |  5.1
Short Blades   | |  2.1
Throwing       | |  2.0
Stealth        | |  3.6

Action                   |  1- 3 |  4- 6 |  7- 9 | 10-12 || total
-------------------------+-------+-------+-------+-------++-------
Melee: Dagger            |    83 |   165 |       |       ||   248
       Long sword        |       |    65 |   437 |    52 ||   554
       Scimitar          |       |       |       |   130 ||   130
Throw: Dart              |     1 |     7 |    14 |     1 ||    23
       Throwing net      |       |       |     1 |       ||     1
Invok: Recite            |       |       |     1 |       ||     1
 Abil: Hop               |       |     1 |     2 |       ||     3
  Use: Scroll            |       |       |    11 |     3 ||    14
       Potion            |       |       |       |     2 ||     2
 Stab: Sleeping          |     2 |     2 |       |     2 ||     6
       Distracted        |       |     1 |       |       ||     1
       Held in net/web   |       |       |     3 |       ||     3
       Invisible         |       |       |     1 |       ||     1
Armor: Leather armour    |    19 |       |       |       ||    19
       Robe              |     1 |       |       |       ||     1
       Scale mail        |    28 |   128 |   245 |    79 ||   480
Dodge: Dodged            |    46 |   101 |   189 |    93 ||   429
       Rpst.: Long sword |       |     5 |    55 |     5 ||    65
       Scimitar          |       |       |       |    26 ||    26

Table legend: (Time is in decaauts)
 A = Elapsed time spent in this place.
 B = Non-inter-level travel time spent in this place.
 C = Inter-level travel time spent in this place.
 D = Time resting spent in this place.
 E = Time spent auto-exploring this place.
 F = Levels seen in this place.
 G = Mean time per level.
                   A        B        C        D        E       F      G
               +--------+--------+--------+--------+--------+-----+--------+
         Total |  13636 |  12796 |    840 |   1632 |   8718 |  10 | 1363.6 |
       Dungeon |  13636 |  12796 |    840 |   1632 |   8718 |  10 | 1363.6 |
               +--------+--------+--------+--------+--------+-----+--------+

Top non-repeatable levels by time:
     D:1: 2446 daAuts
     D:6: 2202 daAuts
     D:4: 1943 daAuts
     D:5: 1629 daAuts
     D:8: 1380 daAuts
     D:7: 1368 daAuts
     D:3: 965 daAuts
     D:2: 846 daAuts
    D:10: 709 daAuts
     D:9: 143 daAuts
